 Dungeon Crawl Stone Soup version 0.18-a0-1523-gbe15c29 (webtiles) character file.

53968 dorian the Severer (level 14, -3/128 (129) HPs)
             Began as a Hill Orc Abyssal Knight on Mar 7, 2016.
             Was a Priest of Lugonu.
             Slain by a lindwurm (6 damage)
             ... summoned by Kirke
             ... on level 6 of the Lair of Beasts.
             The game lasted 00:49:36 (21645 turns).

dorian the Severer (Hill Orc Abyssal Knight)       Turns: 21645, Time: 00:49:36

HP:   -3/128 (129)  AC:  0    Str: 24    XL:     14   Next: 70%
MP:   12/21         EV: 13    Int: 13    God:    Lugonu [***...]
Gold: 1290          SH:  3    Dex: 10    Spells: 0 memorised, 13 levels left

rFire  . . .     SeeInvis .     (weapon currently unavailable)
rCold  . . .     Gourm    .     (armour currently unavailable)
rNeg   . . .     Faith    .     (shield currently unavailable)
rPois  .         Spirit   .     (helmet currently unavailable)
rElec  .         Dismiss  .     (cloak currently unavailable)
rCorr  .         Reflect  +     (gloves currently unavailable)
SustAt .         Harm     .     (boots currently unavailable)
MR     +....                    H - +3 amulet of reflection
Stlth  +.........               (ring currently unavailable)
                                (ring currently unavailable)

@: mighty, pig-form, very quick, somewhat resistant to hostile enchantments,
very unstealthy
A: no striking features
a: Depart the Abyss, Bend Space, Banish, Renounce Religion


You were on level 6 of the Lair of Beasts.
You worshipped Lugonu.
Lugonu was most pleased with you.
You were very hungry.
You were a filthy swine.
You visited 3 branches of the dungeon, and saw 19 of its levels.
You visited the Abyss 2 times.

You collected 1290 gold pieces.

Inventory:

Hand Weapons
 z - a +1 battleaxe (melded)
 N - a +3 dire flail
Missiles
 A - 36 tomahawks (quivered)
Armour
 b - the +1 plate armour "Peigeifai" (melded) {rElec Int-5 Dex+2}
   (You acquired it on level 9 of the Dungeon)

   It affects your intelligence (-5).
   It affects your dexterity (+2).
   It insulates you from electricity.
 u - a +2 helmet (melded)
 y - a +2 cloak (melded)
 G - a +1 pair of gloves (melded)
Jewellery
 d - an uncursed amulet of magic regeneration
 t - a ring of poison resistance (melded)
 x - an uncursed ring of sustain attributes
 F - a +4 ring of evasion (melded)
 H - a +3 amulet of reflection (around neck)
 V - an uncursed ring of protection from cold
Wands
 p - a wand of lightning (3/15)
 v - a wand of confusion (34/48)
 w - a wand of flame (12/48)
 K - a wand of flame (30/48)
 U - a wand of lightning (1/15)
 X - a wand of slowing (25/48)
 Y - a wand of confusion (20/48)
Scrolls
 k - a scroll of fear
 l - 8 scrolls of remove curse
 n - a scroll of blinking
 o - a scroll of identify
 q - 6 scrolls of teleportation
 C - a scroll of fog
Potions
 a - 2 potions of berserk rage {unknown}
 e - 3 potions of might
 h - 5 potions of curing
 i - a potion of invisibility
 m - 2 potions of agility
 s - 2 potions of ambrosia
 D - a potion of cancellation {unknown}
 E - 3 potions of haste
 I - 2 potions of flight
Books
 B - a book of Party Tricks

   Spells                             Type                      Level
   a - Summon Butterflies             Summoning                    1
   b - Apportation                    Translocation                1
   c - Tukima's Dance                 Hexes                        3
   d - Alistair's Intoxication        Transmutation/Poison         5
   e - Invisibility                   Hexes                        6
Miscellaneous
 r - a phantom mirror
Comestibles
 c - 18 bread rations
 f - 18 chunks of flesh
 g - a fruit
 j - 9 meat rations


   Skills:
 + Level 13.3 Fighting
 + Level 19.3 Axes
 + Level 15.0 Armour
 - Level 0.7 Dodging
 - Level 10.2 Invocations


You had 13 spell levels left.
You didn't know any spells.

Dungeon Overview and Level Annotations

Branches:
Dungeon (11/15)            Temple (0/1) D:6            Lair (6/8) D:10
 Shoals (0/4) Lair:4          Orc (2/2) D:11            Elf (0/3) Orc:2
  Snake: Lair:3-6    Spider: Lair:3-6     Slime: Lair:6-8

Altars:
Dithmenos
Makhleb
Nemelex Xobeh
Okawaru
Pakellas
Qazlal
Vehumet
Xom
Yredelemnul
Beogh

Shops:
D:7 (   D:8 :

Annotations:
D:4 LairdHam's ghost, amateur DgFE
D:9 exclusion: statue
Lair:6 Kirke
Abyss:1 Edmund; Gastronok; Maurice; Rupert; Sonja


Message History

You bite Kirke!
Kirke is severely wounded.
The lindwurm breathes flames at you. The blast of flame hits you!
Kirke hits you!
* * * LOW HITPOINT WARNING * * *
The lindwurm bites you.
* * * LOW HITPOINT WARNING * * *
The lindwurm claws you.
* * * LOW HITPOINT WARNING * * *
The lindwurm completely misses you.
You barely miss Kirke.
Kirke is severely wounded.
The lindwurm bites you.
* * * LOW HITPOINT WARNING * * *
The lindwurm misses you. The lindwurm claws you.
* * * LOW HITPOINT WARNING * * *
Kirke closely misses you. The lindwurm bites you!!
* * * LOW HITPOINT WARNING * * *
The lindwurm claws you.
You die...

....P.. ....#..
##...#.
................
......@.......
#....#...... #
#... ....#
#.#..@##..#
##...lkh...#
..P.P.k†.#.#
.PP........#
P#...P..÷..#
....P..#...#
..#P###...<# #
## ##...#
#....##
#.....###


You could see Kirke, 2 lindwurms and an iguana.

Vanquished Creatures
  Erica (Lair:1)
  3 hill giants
  3 orc knights
  An ugly thing (D:11)
  2 orc sorcerers
  A siren (Lair:4)
  A black mamba (Lair:2)
  Psyche (D:10)
  A centaur zombie (D:11)
  7 spiny frogs
  9 komodo dragons
  3 merfolk (Lair:4)
  5 trolls
  Prince Ribbit (Lair:1)
  23 blink frogs
  A spriggan (D:7)
  7 hogs
  3 fire bats (Lair:1)
  29 yaks
  A steam dragon (Lair:3)
  7 hippogriffs
  A hungry ghost (D:11)
  5 wargs
  10 wolves
  11 porcupines
  11 water moccasins
  24 orc warriors
  A sky beast (D:9)
  An eye of draining (D:10)
  A phantom (D:9)
  5 black bears
  3 necrophages
  3 ice beasts
  9 ogres
  2 centaurs (D:5)
  12 crocodiles
  21 giant frogs
  A big kobold (D:9)
  A wyvern skeleton (D:11)
  4 scorpions
  3 killer bees (D:6)
  5 wights (D:10)
  An electric eel (Orc:1)
  2 howler monkeys (D:7)
  4 crimson imps
  4 jellies
  6 hounds
  15 orc priests
  17 orc wizards
  2 centaur skeletons
  7 iguanas
  6 worker ants
  A killer bee zombie (D:7)
  3 hound skeletons
  A howler monkey zombie (D:8)
  15 river rats
  7 adders
  4 shadow imps
  An ooze (D:4)
  An adder skeleton (D:5)
  A dart slug (D:1)
  5 giant geckos
  78 orcs
  9 giant cockroaches
  7 goblins
  14 hobgoblins
  23 jackals
  2 quokkas (D:4)
  A ball python (D:3)
  6 bats
  A giant newt (D:1)
  A jackal skeleton (D:6)
  14 kobolds
  10 rats
  2 fungi (Lair:1)
  A plant (Lair:3)
516 creatures vanquished.

Vanquished Creatures (others)
  An orc warlord (Orc:1)
  The ghost of FrancescoMac the Carver, a journeyman MiFi of Okawaru (Orc:2)
  5 hydras
  An orc high priest (Orc:2)
  A fire crab (Lair:6)
  A hill giant (D:10)
  3 orc knights (Orc:2)
  2 ugly things
  An orc sorcerer (Orc:1)
  A cyclops (D:6)
  A troll (D:9)
  A yak (D:10)
  A warg (D:10)
  A black bear (D:9)
  2 orc warriors
  A wasp (D:9)
  A necrophage (D:6)
  3 killer bees (D:9)
  A quasit (D:7)
  3 orc priests
  An orc (Orc:1)
  7 fungi
  5 plants
45 creatures vanquished.

Grand Total: 561 creatures vanquished

Notes
Turn   | Place    | Note
--------------------------------------------------------------
     0 | Abyss:1  | dorian the Hill Orc Abyssal Knight began the quest for the Orb.
     0 | Abyss:1  | Reached XP level 1. HP: 19/19 MP: 2/2
     0 | Abyss:1  | Noticed a large abomination
     1 | D:1      | Escaped the Abyss
    31 | D:1      | Reached * piety under Lugonu
    35 | D:1      | Reached skill level 3 in Axes
    47 | D:1      | Reached XP level 2. HP: 20/26 MP: 4/4
   411 | D:1      | Reached XP level 3. HP: 28/31 MP: 5/5
   417 | D:1      | Reached skill level 4 in Axes
   893 | D:1      | Reached ** piety under Lugonu
  1543 | D:2      | Found a shimmering altar of Xom.
  1705 | D:2      | Reached XP level 4. HP: 39/39 MP: 7/7
  2609 | D:4      | Noticed LairdHam's ghost (amateur DgFE)
  2768 | D:4      | Reached *** piety under Lugonu
  2864 | D:4      | Reached XP level 5. HP: 45/45 MP: 8/8
  2882 | D:5      | Entered Level 5 of the Dungeon
  2894 | D:5      | Reached skill level 5 in Axes
  2894 | D:5      | Reached skill level 5 in Invocations
  3005 | D:5      | Noticed an ogre
  3015 | D:5      | Killed an ogre
  3015 | D:5      | Reached XP level 6. HP: 41/51 MP: 10/10
  3141 | D:5      | Reached skill level 6 in Axes
  3216 | D:5      | Noticed Edmund
  3476 | D:5      | Banished Edmund
  3476 | D:5      | Reached skill level 7 in Axes
  3476 | D:5      | Reached XP level 7. HP: 55/57 MP: 12/12
  3958 | D:5      | Found a basalt altar of Yredelemnul.
  4006 | D:5      | Reached skill level 8 in Axes
  4095 | D:5      | Found a shadowy altar of Dithmenos.
  4348 | D:6      | Reached XP level 8. HP: 64/64 MP: 14/14
  4394 | D:6      | Noticed a cyclops
  4395 | D:6      | Banished a cyclops
  4395 | D:6      | Reached skill level 9 in Axes
  4575 | D:6      | Found a stormy altar of Qazlal.
  4964 | D:6      | Found a staircase to the Ecumenical Temple.
  5021 | D:6      | Found an iron altar of Okawaru.
  5254 | D:6      | Reached skill level 10 in Axes
  5263 | D:6      | Reached skill level 10 in Invocations
  5525 | D:7      | Reached XP level 9. HP: 54/70 MP: 16/16
  5572 | D:7      | Found Ithawn's Weapon Shoppe.
  5694 | D:7      | Reached skill level 11 in Axes
  6166 | D:7      | Found a burning altar of Makhleb.
  6337 | D:7      | Reached skill level 5 in Armour
  6440 | D:8      | Reached **** piety under Lugonu
  6542 | D:8      | Reached skill level 12 in Axes
  6571 | D:8      | Noticed Maurice
  6571 | D:8      | Banished Maurice
  6586 | D:8      | Noticed a red ugly thing
  6592 | D:8      | Banished a red ugly thing
  6592 | D:8      | Reached XP level 10. HP: 23/76 MP: 15/17
  7172 | D:8      | Reached skill level 13 in Axes
  7217 | D:8      | Found Lic Rimo's Book Boutique.
  7555 | D:9      | Found a radiant altar of Vehumet.
  7951 | D:9      | Found a sparkling altar of Nemelex Xobeh.
  7968 | D:9      | Found an oddly glowing altar of Pakellas.
  8932 | D:9      | Identified a scroll of acquirement
  8933 | D:9      | Got a brightly glowing plate armour
  8944 | D:9      | Identified the +1 plate armour "Peigeifai" {rElec Int-5 Dex+2} (You acquired it on level 9 of the Dungeon)
  8964 | D:10     | Entered Level 10 of the Dungeon
  9024 | D:10     | Reached skill level 14 in Axes
  9206 | D:10     | Noticed a hill giant
  9207 | D:10     | Banished a hill giant
  9215 | D:10     | Found a sparkling altar of Nemelex Xobeh.
  9230 | D:10     | Reached XP level 11. HP: 81/81 MP: 16/18
  9291 | D:10     | Reached skill level 10 in Armour
  9317 | D:10     | Reached skill level 15 in Axes
  9729 | D:10     | Noticed Psyche
  9739 | D:10     | Cast into level 2 of the Abyss (Psyche)
  9749 | Abyss:2  | Found a corrupted altar of Lugonu.
  9765 | D:10     | Escaped the Abyss
  9767 | D:10     | Killed Psyche
 10086 | D:10     | Found a staircase to the Lair.
 10413 | D:9      | Reached skill level 5 in Fighting
 10924 | D:10     | Reached skill level 16 in Axes
 10924 | D:10     | Reached XP level 12. HP: 94/101 MP: 19/19
 11305 | D:11     | Found a flagged portal.
 12359 | D:11     | Found a staircase to the Orcish Mines.
 12371 | Orc:1    | Entered Level 1 of the Orcish Mines
 12540 | Orc:1    | Found a roughly hewn altar of Beogh.
 12595 | Orc:1    | Reached skill level 17 in Axes
 12626 | Orc:1    | Reached XP level 13. HP: 71/110 MP: 20/20
 12639 | Orc:1    | Reached ***** piety under Lugonu
 12877 | Orc:1    | Noticed an orc warlord
 12920 | Orc:1    | Banished an orc warlord
 12939 | Orc:1    | Paralysed by an orc sorcerer for 5 turns
 13239 | Orc:1    | Got an ancient falchion
 13516 | Orc:1    | Identified the +5 falchion of Ru's Supremacy {venom, Int+6 Dex+4} (You found it on level 1 of the Orcish Mines)
 13531 | Orc:2    | Entered Level 2 of the Orcish Mines
 13586 | Orc:2    | Noticed FrancescoMac's ghost (journeyman MiFi)
 13590 | Orc:2    | Banished FrancescoMac's ghost
 13590 | Orc:2    | Reached skill level 10 in Fighting
 13844 | Orc:2    | Noticed Sonja
 13847 | Orc:2    | Banished Sonja
 14050 | Orc:2    | Noticed a stone giant
 14162 | Orc:1    | Noticed a stone giant
 14419 | Orc:2    | Banished a stone giant
 15978 | Lair:1   | Entered Level 1 of the Lair of Beasts
 16160 | Lair:1   | Noticed Prince Ribbit
 16177 | Lair:1   | Reached skill level 18 in Axes
 16190 | Lair:1   | Killed Prince Ribbit
 16484 | Lair:1   | Found a dark tunnel.
 16678 | Lair:1   | Noticed Erica
 16688 | Lair:1   | Killed Erica
 17572 | Lair:2   | Reached XP level 14. HP: 91/124 MP: 14/21
 18207 | Lair:3   | Noticed Gastronok
 18209 | Lair:3   | Banished Gastronok
 19854 | Lair:4   | Found a staircase to the Shoals.
 19864 | Lair:4   | Reached skill level 19 in Axes
 20484 | Lair:4   | Noticed Rupert
 20485 | Lair:4   | Banished Rupert
 21302 | Lair:6   | Noticed Kirke
 21596 | Lair:6   | Reached skill level 15 in Armour
 21641 | Lair:6   | Noticed a sphinx
 21645 | Lair:6   | HP: 3/128 [lindwurm[Kirke] (18)]
 21645 | Lair:6   | Slain by a lindwurm

Vault maps used:
D:1:      minmay_arrival_floating_metal, dk_noncrumbling_3
D:2:      marbit_many_paths
D:3:      first_bread
D:5:      grunt_dithmenos_smoke_and_mirrors, basic_altar, uniq_edmund
D:6:      overflow_temple_1_default, grunt_qazlal_clouds,
          minmay_temple_entry_nine_rooms, minmay_small_thing
D:7:      makhleb_blood_cavern_becter, serial_shops, shop, the_bakery
D:8:      serial_shops, nicolae_shop_stone, uniq_maurice
D:9:      grunt_temple_overflow_open, vehumet_statue
D:10:     erik_lair_orcish_takeover, basic_altar, uniq_psyche
D:11:     david_orc_4, enter_bailey_2
Lair:1:   nicolae_volcano_entry_batcave, grunt_megastairs_5, uniq_erica,
          uniq_prince_ribbit2
Lair:3:   beast_lair_carwin_large_2, uniq_gastronok
Lair:4:   elwin_shoals_entry_stream, minivault_24, st_stairs_8,
          minmay_hedge_maze, grunt_megastairs_4, uniq_rupert
Lair:6:   nicolae_spider_entry_orb_guardian, st_stairs_6, uniq_kirke
Orc:1:    basic_altar, nooodl_orcs_dogs
Orc:2:    st_orc_pillars, lab_entry_generic, uniq_sonja

Skill      XL: |  1  2  3  4  5  6  7  8  9 10 11 12 13 14 |
---------------+-------------------------------------------+-----
Axes           | 3 4 5 7 8 10 12 14 16 17 18 19 | 19.3
Invocations    | 3 4 5 6 8 10 | 10.2
Armour         | 6 9 11 12 14 15 | 15.0
Fighting       | 8 9 11 13 | 13.3
Dodging        | |  0.7

Action                   |  1- 3 |  4- 6 |  7- 9 | 10-12 | 13-15 || total
-------------------------+-------+-------+-------+-------+-------++-------
Melee: Hand axe          |   124 |    50 |       |       |       ||   174
       Battleaxe         |       |    75 |   251 |   674 |   899 ||  1899
       Unarmed           |       |       |       |       |     4 ||     4
Invok: Depart the Abyss  |     1 |       |       |     1 |       ||     2
       Banish            |       |     1 |     6 |    18 |    37 ||    62
  Use: Potion            |       |     3 |       |     1 |     1 ||     5
       Scroll            |       |       |    10 |    14 |    10 ||    34
  Eat: Chunk             |     3 |     6 |     8 |    24 |    23 ||    64
       Beef jerky        |       |       |     1 |     1 |       ||     2
       Pizza             |       |       |     1 |       |     1 ||     2
       Royal jelly       |       |       |       |     1 |       ||     1
       Fruit             |       |       |       |       |     6 ||     6
       Meat ration       |       |       |       |       |     2 ||     2
